 Dungeon Crawl Stone Soup version 0.29-a0-775-g4d7333d4e2 (webtiles) character file.

Game seed: 11152326286762738580

603 Crownlay the Digger (level 7, -3/41 HPs)
             Began as an Octopode Earth Elementalist on June 26, 2022.
             Slain by a phantom (7 damage)
             ... on level 4 of the Dungeon on July 1, 2022.
             The game lasted 00:07:04 (5123 turns).

Crownlay the Digger (Octopode Earth Elementalist)   Turns: 5123, Time: 00:07:04

Health: -3/41      AC:  1    Str:  7    XL:     7   Next: 42%
Magic:  7/13       EV: 13    Int: 20    God:
Gold:   178        SH:  5    Dex: 12    Spells: 8/14 levels left

rFire   . . .      SeeInvis .   q - +3 dagger
rCold   . . .      Faith    .   (no shield)
rNeg    . . .      Spirit   .   (helmet restricted)
rPois   .          Reflect  +   b - amulet of reflection
rElec   .          Harm     .   (no ring)
rCorr   .          Rampage  .   (no ring)
Will    .....                   (no ring)
Stlth   ++++......              (no ring)
HPRegen 0.13/turn               (no ring)
MPRegen 0.13/turn               (no ring)
                                (no ring)
                                (no ring)

@: no status effects
A: almost no armour, amphibious, 8 rings, camouflage 1, gelatinous body 1,
(nimble swimmer 1), tentacles
a: no special abilities


You were on level 4 of the Dungeon.
You visited 1 branch of the dungeon, and saw 4 of its levels.

You collected 178 gold pieces.

Inventory:

Hand Weapons
 q - a +3 dagger (weapon)
Jewellery
 b - an amulet of reflection (around mantle)
Scrolls
 c - a scroll of immolation {unknown}
 d - a scroll of magic mapping {unknown}
 e - 2 scrolls of teleportation {unknown}
 h - a scroll of silence {unknown}
 j - a scroll of enchant armour {unknown}
 l - 2 scrolls of identify {unknown}
 m - a scroll of amnesia {unknown}
Potions
 a - 2 potions of magic
 f - 2 potions of brilliance {unknown}
 g - a potion of ambrosia {unknown}
 i - 2 potions of curing {unknown}
 k - a potion of haste {unknown}
 o - a potion of berserk rage {unknown}


   Skills:
 - Level 2.0 Dodging
 + Level 6.1 Stealth
 + Level 4.0 Spellcasting
 - Level 1.0 Transmutations
 * Level 6.2 Earth Magic


You had 8 spell levels left.
You knew the following spells:

 Your Spells              Type           Power      Damage    Failure   Level
a - Sandblast             Erth           58%        2d13      1%          1
b - Passwall              Tmut/Erth      15%        N/A       4%          2
c - Stone Arrow           Conj/Erth      32%        3d9       11%         3

Your spell library contained the following spells:

 Spells                   Type           Power      Damage    Failure   Level
 Petrify                  Tmut/Erth      18%        N/A       28%         4


Dungeon Overview and Level Annotations

Branches:
Dungeon (4/15)
 Temple: D:4-7

Altars:
Elyvilon
Qazlal
Ru

Annotations:
D:2 Natasha
D:4 3 runed translucent doors, Zebulonius's ghost, amateur DECj


Innate Abilities, Weirdness & Mutations

You cannot wear most types of armour.
You are amphibious.
You can wear up to eight rings at the same time.
Your skin changes colour to match your surroundings (Stealth+).
Your rubbery body absorbs attacks. (AC +1, EV +1)
((You are camouflaged when in or above water. (Stealth+)))
You have tentacles for arms and can constrict up to eight enemies at once.


Message History

There is an open door here.
You now have 178 gold pieces (gained 12).
A phantom comes into view.
You can't see any susceptible monsters within range! (Use Z to cast anyway.)
You can't see any susceptible monsters within range! (Use Z to cast anyway.)
You can't see any susceptible monsters within range! (Use Z to cast anyway.)
The blast of sand hits the phantom but does no damage.
The blast of sand hits the phantom.
The phantom is lightly damaged.
You block the phantom's attack.
The blast of sand misses the phantom.
You block the phantom's attack. The phantom barely misses you.
The blast of sand hits the phantom.
The phantom is moderately damaged.
The phantom hits you! The phantom hits you.
The blast of sand misses the phantom.
The phantom closely misses you. The phantom hits you.
The phantom blinks!
You blink.
The blast of sand hits the phantom!
The phantom is severely damaged.
The phantom hits you!
The phantom blinks!
You blink.
The phantom hits you.
* * * LOW HITPOINT WARNING * * *
The phantom blinks!
You blink.
You are too injured to fight recklessly!
Casting: Sandblast (safe; 1% risk of failure)
Confirm with . or Enter, or press ? or * to list all spells.
Aiming: Sandblast (safe; 1% risk of failure)
Press: ? - help, Shift-Dir - straight line, f/p - phantom
Aim: a phantom (severely damaged, 73% to hit)
The blast of sand hits the phantom.
The phantom is almost destroyed.
The phantom completely misses you. The phantom hits you.
* * * LOW HITPOINT WARNING * * *
The phantom blinks!
You blink.
Casting: Sandblast (safe; 1% risk of failure)
Confirm with . or Enter, or press ? or * to list all spells.
Aiming: Sandblast (safe; 1% risk of failure)
Press: ? - help, Shift-Dir - straight line, f/p - phantom
Aim: a phantom (almost destroyed, 73% to hit)
The blast of sand misses the phantom.
The phantom hits you!
You die...

.....#
##'##....#
#. #....#
.. #....#
#....#
#....#
#....#
#....#
#....#
#@...#
#.W..#
#§...#
#§...#
#....#
#....#
#....#
#....#
#.§..#


You could see a phantom.

Vanquished Creatures
  Menkaure (D:4)
  A phantom (D:4)
  A necrophage (D:4)
  4 orc priests
  2 hounds (D:2)
  3 orc wizards (D:3)
  A gnoll (D:3)
  3 adders
  A worm (D:3)
  2 dart slugs
  13 orcs
  6 endoplasms
  A giant cockroach (D:3)
  7 goblins
  5 hobgoblins
  2 jackals (D:1)
  7 kobolds
  3 quokkas
  9 ball pythons
  2 frilled lizards
  3 rats
77 creatures vanquished.

Vanquished Creatures (others)
  A quokka (D:4)
1 creature vanquished.

Grand Total: 78 creatures vanquished

Notes
Turn   | Place    | Note
-------+----------+-------------------------------------------
     0 | D:1      | Crownlay the Octopode Earth Elementalist began the quest
                  | for the Orb.
     0 | D:1      | Reached XP level 1. HP: 11/11 MP: 3/3
   352 | D:1      | Reached XP level 2. HP: 17/17 MP: 3/5
   955 | D:2      | Noticed Natasha
  1031 | D:2      | Reached XP level 3. HP: 4/21 MP: 1/6
  1277 | D:2      | Learned a level 2 spell: Passwall
  1281 | D:2      | Learned a level 3 spell: Stone Arrow
  1367 | D:2      | Found a faded altar of an unknown god.
  1450 | D:2      | Reached XP level 4. HP: 6/27 MP: 3/8
  1786 | D:2      | Found a stormy altar of Qazlal.
  2228 | D:3      | Reached XP level 5. HP: 17/31 MP: 6/9
  2720 | D:3      | Reached skill level 5 in Earth Magic
  2807 | D:3      | Reached XP level 6. HP: 33/36 MP: 10/10
  3556 | D:3      | Reached skill level 5 in Stealth
  4065 | D:4      | Noticed Menkaure
  4161 | D:4      | Found a white marble altar of Elyvilon.
  4251 | D:4      | Found a runed translucent gate.
  4251 | D:4      | Found a runed translucent gate.
  4252 | D:4      | Found a runed translucent gate.
  4255 | D:4      | Noticed Zebulonius's ghost (amateur DECj)
  4417 | D:3      | Upgraded the game from 0.29-a0-717-g6dac4ea423 to
                  | 0.29-a0-775-g4d7333d4e2
  4421 | D:4      | Killed Menkaure
  4422 | D:4      | Reached XP level 7. HP: 18/41 MP: 8/12
  4754 | D:4      | Found a sacrificial altar of Ru.
  5123 | D:4      | Slain by a phantom

Illustrated notes

Levels and vault maps discovered:
D:1:      dpeg_arrival_line_fractal, layout_rooms
D:2:      layout_loops_ring, shapermc_ecumenical_altar_venn, basic_altar,
          uniq_natasha
D:3:      minmay_general_purpose_star, layout_loops_corners,
          corexii_item_surrounded_by_moat, bh_walls_and_bars
D:4:      layout_gridville, nicolae_ru_awakened_eye, elyvilon_altar_4,
          serial_glass, glass_columns_a, glass_columns_a, gammafunk_ghost_split,
          uniq_menkaure

Skill      XL: |  1  2  3  4  5  6  7 |
---------------+----------------------+-----
Stealth        | 3 4 5 6 |  6.1
Earth Magic    | 4 5 6 |  6.2
Spellcasting   | 3 4 |  4.0
Dodging        | |  2.0
Transmutations | |  1.0

Action                   |  1- 3 |  4- 6 |  7- 9 || total
-------------------------+-------+-------+-------++-------
Melee: Unarmed           |     3 |       |       ||     3
       Constrict         |     2 |     7 |       ||     9
       Tentacles         |     1 |     5 |       ||     6
       Dagger            |     6 |    13 |       ||    19
       Whip              |       |     6 |     1 ||     7
 Cast: Sandblast         |    38 |    65 |    23 ||   126
       Stone Arrow       |       |     3 |       ||     3
Armor: Skin              |     2 |       |       ||     2
Dodge: Dodged            |    24 |    16 |     8 ||    48
Block: Other             |     8 |    11 |     4 ||    23

Table legend: (Time is in decaauts)
 A = Elapsed time spent in this place.
 B = Non-inter-level travel time spent in this place.
 C = Inter-level travel time spent in this place.
 D = Time resting spent in this place.
 E = Time spent auto-exploring this place.
 F = Levels seen in this place.
 G = Mean time per level.
                   A        B        C        D        E       F      G
               +--------+--------+--------+--------+--------+-----+--------+
         Total |   5250 |   5146 |    104 |    271 |   4200 |   4 | 1312.5 |
       Dungeon |   5250 |   5146 |    104 |    271 |   4200 |   4 | 1312.5 |
               +--------+--------+--------+--------+--------+-----+--------+

Top non-repeatable levels by time:
     D:3: 2711 daAuts
     D:2: 1131 daAuts
     D:1: 787 daAuts
     D:4: 621 daAuts
